[ AOE2 MATCH · #505882487 ]
UnrankedMalians vs Shu
Player's team · WIN
Rival team · LOSS
[ REPLAY ANALYSIS · EXTRACTED FROM THE RECORDED GAME ]
Feudal
9:45
Castle
23:01
Imperial
36:14
| APM avg | 53.3 |
| APM peak | 79 |
| eAPM avg | 26.7 |
| Villagers / military | 145 / 85 |
Focus
⚔️ 34.6% · 🌾 65.4%
Skirmisher ×31 · Knight ×25 · Scout Cavalry ×16 · Fishing Ship ×8 · Camel Scout ×7 · Archer ×3
Feudal
11:00
Castle
20:14
Imperial
34:58
| APM avg | 121.2 |
| APM peak | 202 |
| eAPM avg | 77.4 |
| Villagers / military | 151 / 84 |
Focus
⚔️ 77.1% · 🌾 22.9%
Archer ×75 · Unknown (1942) ×13 · Unknown (1944) ×6 · Militia ×5 · Mangonel ×2 · Scout Cavalry ×2
Match map
Initial resources + every placement click. Lines = walls · curves = elevation contours. ◆ gold · ⬟ stone · ● berries · ✦ relic · ◌ wall gap
Your base· ✓ Closed at 23:01 · 73t walls · no gate
DS_StonePleaseAoE's base· ✓ Closed at 20:14 · 33t walls · no gate
Smoothed initial terrain · ◌ = detected wall gap · hover for details
Inputs per minute
— CNZS_98T - - DS_StonePleaseAoE
Build order — CNZS_98T
First 150 of 430 actions detected
| 0:00 | Create | Villager (Male) |
| 0:01 | Create | Villager (Male) |
| 0:01 | Create | Villager (Male) |
| 0:01 | Create | Villager (Male) |
| 0:03 | Build | House |
| 0:04 | Build | House |
| 1:24 | Create | Villager (Male) |
| 1:50 | Create | Villager (Male) |
| 2:09 | Build | Lumber Camp |
| 2:18 | Create | Villager (Male) |
| 2:18 | Create | Villager (Male) |
| 2:46 | Create | Villager (Male) |
| 2:46 | Create | Villager (Male) |
| 2:46 | Create | Villager (Male) |
| 3:30 | Build | House |
| 3:45 | Create | Villager (Male) |
| 3:50 | Create | Villager (Male) |
| 4:05 | Build | Dock |
| 4:22 | Create | Villager (Male) |
| 4:22 | Create | Villager (Male) |
| 4:38 | Build | House |
| 4:45 | Create | Villager (Male) |
| 4:47 | Create | Villager (Male) |
| 4:59 | Create | Fishing Ship |
| 5:06 | Build | Palisade Wall |
| 5:33 | Create | Villager (Male) |
| 5:39 | Create | Villager (Male) |
| 5:53 | Create | Fishing Ship |
| 5:58 | Create | Villager (Male) |
| 6:03 | Build | Palisade Wall |
| 6:08 | Research | Loom |
| 6:54 | Build | Palisade Wall |
| 6:54 | Build | House |
| 7:12 | Build | Palisade Wall |
| 7:17 | Create | Fishing Ship |
| 7:35 | Research | Feudal Age |
| 7:53 | Build | Palisade Wall |
| 7:58 | Build | House |
| 8:01 | Build | House |
| 8:16 | Build | Palisade Wall |
| 8:20 | Build | Palisade Wall |
| 8:23 | Build | Palisade Wall |
| 8:24 | Build | Palisade Wall |
| 8:56 | Build | Lumber Camp |
| 9:35 | Create | Villager (Male) |
| 9:45 | Age | Feudal Age |
| 9:47 | Create | Villager (Male) |
| 9:52 | Build | Barracks |
| 10:04 | Create | Villager (Male) |
| 10:23 | Build | House |
| 10:26 | Build | House |
| 10:30 | Create | Villager (Male) |
| 10:39 | Build | House |
| 10:44 | Build | Archery Range |
| 10:49 | Build | Archery Range |
| 10:55 | Create | Villager (Male) |
| 11:00 | Research | Double-Bit Axe |
| 11:00 | Research | Double-Bit Axe |
| 11:11 | Build | House |
| 11:15 | Build | House |
| 11:17 | Build | House |
| 11:19 | Build | House |
| 11:24 | Create | Villager (Male) |
| 11:29 | Build | Fish Trap |
| 11:36 | Create | Skirmisher |
| 11:44 | Create | Villager (Male) |
| 11:56 | Build | Mill |
| 11:56 | Create | Villager (Male) |
| 12:01 | Build | House |
| 12:02 | Create | Skirmisher |
| 12:18 | Build | House |
| 12:21 | Create | Skirmisher |
| 12:22 | Create | Villager (Male) |
| 12:31 | Build | Fish Trap |
| 12:44 | Build | House |
| 12:51 | Create | Villager (Male) |
| 12:57 | Build | Fish Trap |
| 13:13 | Build | House |
| 13:16 | Create | Skirmisher |
| 13:30 | Create | Villager (Male) |
| 13:35 | Create | Skirmisher |
| 13:40 | Build | Mining Camp |
| 13:40 | Create | Villager (Male) |
| 13:49 | Build | Palisade Wall |
| 13:53 | Create | Skirmisher |
| 14:00 | Create | Fishing Ship |
| 14:04 | Build | House |
| 14:14 | Build | House |
| 14:16 | Create | Skirmisher |
| 14:22 | Build | Blacksmith |
| 14:23 | Create | Villager (Male) |
| 14:31 | Create | Skirmisher |
| 14:34 | Build | House |
| 15:00 | Build | Palisade Wall |
| 15:08 | Research | Fletching |
| 15:09 | Create | Villager (Male) |
| 15:14 | Build | Watch Tower |
| 15:22 | Create | Skirmisher |
| 15:41 | Create | Villager (Male) |
| 15:53 | Build | Farm |
| 15:53 | Create | Villager (Male) |
| 15:57 | Build | Farm |
| 15:58 | Build | Farm |
| 15:58 | Build | Farm |
| 16:04 | Create | Fishing Ship |
| 16:06 | Build | Fish Trap |
| 16:07 | Create | Fishing Ship |
| 16:14 | Build | Farm |
| 16:18 | Build | Mining Camp |
| 16:19 | Create | Villager (Male) |
| 16:28 | Build | Farm |
| 16:34 | Create | Archer |
| 16:34 | Create | Archer |
| 16:36 | Create | Villager (Male) |
| 16:52 | Build | Fish Trap |
| 16:57 | Create | Villager (Male) |
| 17:07 | Build | Farm |
| 17:20 | Create | Archer |
| 17:27 | Research | Padded Archer Armor |
| 17:35 | Create | Villager (Male) |
| 17:58 | Create | Villager (Male) |
| 18:25 | Create | Villager (Male) |
| 18:31 | Create | Villager (Male) |
| 18:34 | Create | Villager (Male) |
| 18:38 | Build | Watch Tower |
| 18:41 | Create | Villager (Male) |
| 18:49 | Build | Market |
| 18:51 | Create | Skirmisher |
| 19:10 | Create | Villager (Male) |
| 19:20 | Build | Farm |
| 19:21 | Build | Farm |
| 19:24 | Build | Fish Trap |
| 19:36 | Build | Farm |
| 19:37 | Build | Farm |
| 20:08 | Create | Fishing Ship |
| 20:21 | Research | Castle Age |
| 20:33 | Build | House |
| 20:58 | Create | Skirmisher |
| 21:29 | Build | Stable |
| 21:37 | Research | Stone Mining |
| 21:37 | Research | Stone Mining |
| 21:41 | Research | Horse Collar |
| 21:46 | Build | Fish Trap |
| 21:48 | Build | House |
| 21:51 | Build | Stone Wall |
| 21:53 | Build | House |
| 21:55 | Build | House |
| 21:57 | Build | House |
| 22:00 | Build | House |
| 22:06 | Build | Palisade Wall |
Build order — DS_StonePleaseAoE
First 150 of 455 actions detected
| 0:00 | Create | Villager (Male) |
| 0:01 | Create | Villager (Male) |
| 0:01 | Create | Villager (Male) |
| 0:01 | Create | Villager (Male) |
| 0:02 | Build | House |
| 0:05 | Build | House |
| 1:22 | Build | House |
| 1:33 | Create | Villager (Male) |
| 1:34 | Create | Villager (Male) |
| 2:01 | Create | Villager (Male) |
| 2:01 | Create | Villager (Male) |
| 2:12 | Create | Villager (Male) |
| 2:12 | Create | Villager (Male) |
| 2:37 | Create | Villager (Male) |
| 2:37 | Create | Villager (Male) |
| 2:39 | Build | Lumber Camp |
| 3:12 | Create | Villager (Male) |
| 3:20 | Create | Villager (Male) |
| 3:58 | Create | Villager (Male) |
| 4:07 | Create | Villager (Male) |
| 4:07 | Create | Villager (Male) |
| 4:22 | Build | Barracks |
| 4:34 | Build | House |
| 4:35 | Research | Loom |
| 4:48 | Create | Villager (Male) |
| 4:53 | Build | Palisade Wall |
| 5:04 | Build | House |
| 5:07 | Build | Palisade Wall |
| 5:15 | Create | Militia |
| 5:15 | Create | Militia |
| 5:16 | Create | Villager (Male) |
| 5:22 | Build | Palisade Wall |
| 5:28 | Create | Villager (Male) |
| 5:28 | Create | Villager (Male) |
| 5:29 | Create | Villager (Male) |
| 5:43 | Build | Palisade Wall |
| 5:46 | Create | Militia |
| 5:47 | Create | Militia |
| 5:53 | Build | Palisade Wall |
| 6:08 | Build | Palisade Wall |
| 6:09 | Create | Villager (Male) |
| 6:12 | Create | Militia |
| 6:19 | Build | Palisade Wall |
| 6:22 | Create | Villager (Male) |
| 6:24 | Build | House |
| 6:27 | Build | House |
| 7:01 | Create | Villager (Male) |
| 7:04 | Build | Mill |
| 7:18 | Build | House |
| 7:21 | Create | Villager (Male) |
| 7:49 | Create | Villager (Male) |
| 8:18 | Create | Villager (Male) |
| 8:23 | Build | House |
| 8:33 | Build | Palisade Wall |
| 8:34 | Build | Palisade Wall |
| 8:34 | Build | Palisade Wall |
| 8:35 | Build | Palisade Wall |
| 8:50 | Research | Feudal Age |
| 8:51 | Research | Feudal Age |
| 8:53 | Build | Lumber Camp |
| 9:16 | Build | Palisade Wall |
| 9:37 | Build | Mining Camp |
| 9:44 | Build | House |
| 9:50 | Create | Villager (Male) |
| 10:31 | Build | Palisade Wall |
| 10:32 | Build | Palisade Wall |
| 11:00 | Age | Feudal Age |
| 11:02 | Build | Archery Range |
| 11:05 | Research | Double-Bit Axe |
| 11:05 | Research | Double-Bit Axe |
| 11:06 | Research | Man-at-Arms (upgrade) |
| 11:07 | Create | Villager (Male) |
| 11:26 | Create | Villager (Male) |
| 11:38 | Build | Farm |
| 11:39 | Research | Horse Collar |
| 11:39 | Research | Horse Collar |
| 11:49 | Create | Archer |
| 11:49 | Create | Archer |
| 11:52 | Build | Farm |
| 11:53 | Create | Villager (Male) |
| 12:14 | Create | Villager (Male) |
| 12:18 | Create | Archer |
| 12:21 | Build | Farm |
| 12:31 | Build | Farm |
| 12:33 | Create | Archer |
| 12:45 | Create | Villager (Male) |
| 12:50 | Build | Farm |
| 13:15 | Create | Villager (Male) |
| 13:17 | Build | Blacksmith |
| 13:20 | Create | Archer |
| 13:28 | Build | Farm |
| 13:42 | Build | Farm |
| 13:45 | Create | Villager (Male) |
| 14:01 | Create | Archer |
| 14:02 | Create | Villager (Male) |
| 14:11 | Research | Fletching |
| 14:14 | Create | Archer |
| 14:20 | Build | Farm |
| 14:23 | Build | House |
| 14:38 | Create | Villager (Male) |
| 14:42 | Create | Archer |
| 15:04 | Build | Watch Tower |
| 15:09 | Create | Villager (Male) |
| 15:14 | Build | Farm |
| 15:18 | Build | House |
| 15:29 | Create | Archer |
| 15:30 | Create | Archer |
| 15:32 | Create | Villager (Male) |
| 15:50 | Create | Villager (Male) |
| 16:10 | Build | Market |
| 16:17 | Create | Archer |
| 16:20 | Create | Villager (Male) |
| 16:52 | Create | Villager (Male) |
| 17:26 | Build | Watch Tower |
| 17:34 | Research | Castle Age |
| 17:34 | Research | Castle Age |
| 18:10 | Create | Archer |
| 18:26 | Create | Archer |
| 18:32 | Build | Stable |
| 18:53 | Create | Archer |
| 19:10 | Build | Stable |
| 19:12 | Build | Farm |
| 19:15 | Build | Farm |
| 19:21 | Create | Archer |
| 19:35 | Create | Villager (Male) |
| 19:43 | Build | Mining Camp |
| 19:54 | Create | Scout Cavalry |
| 19:55 | Create | Scout Cavalry |
| 19:59 | Research | Scale Barding Armor |
| 20:00 | Research | Scale Barding Armor |
| 20:02 | Create | Archer |
| 20:14 | Age | Castle Age |
| 20:18 | Research | Crossbowman (upgrade) |
| 20:18 | Research | Crossbowman (upgrade) |
| 20:18 | Research | Crossbowman (upgrade) |
| 20:18 | Research | Crossbowman (upgrade) |
| 20:18 | Research | Crossbowman (upgrade) |
| 20:20 | Create | Villager (Male) |
| 20:23 | Create | Unit 1944 |
| 20:24 | Create | Unit 1944 |
| 20:41 | Create | Villager (Male) |
| 20:57 | Create | Villager (Male) |
| 21:15 | Create | Archer |
| 21:17 | Create | Villager (Male) |
| 21:30 | Create | Unit 1944 |
| 21:31 | Create | Unit 1944 |
| 21:48 | Build | Town Center |
| 21:53 | Create | Archer |
| 21:53 | Create | Villager (Male) |
| 22:29 | Research | Bodkin Arrow |
Match timeline
| 4:05 | CNZS_98T · first_building Dock |
| 4:22 | DS_StonePleaseAoE · first_building Barracks |
| 4:53 | DS_StonePleaseAoE · wall_segment Palisade Wall x2 |
| 5:06 | CNZS_98T · wall_segment Palisade Wall x8 |
| 5:07 | DS_StonePleaseAoE · wall_segment Palisade Wall x1 |
| 5:22 | DS_StonePleaseAoE · wall_segment Palisade Wall x2 |
| 5:43 | DS_StonePleaseAoE · wall_segment Palisade Wall x1 |
| 5:53 | DS_StonePleaseAoE · wall_segment Palisade Wall x5 |
| 6:03 | CNZS_98T · wall_segment Palisade Wall x10 |
| 6:08 | DS_StonePleaseAoE · wall_segment Palisade Wall x3 |
| 6:19 | DS_StonePleaseAoE · wall_segment Palisade Wall x10 |
| 6:54 | CNZS_98T · wall_segment Palisade Wall x1 |
| 7:12 | CNZS_98T · wall_segment Palisade Wall x1 |
| 7:53 | CNZS_98T · wall_segment Palisade Wall x7 |
| 8:16 | CNZS_98T · wall_segment Palisade Wall x7 |
| 8:20 | CNZS_98T · wall_segment Palisade Wall x4 |
| 8:23 | CNZS_98T · wall_segment Palisade Wall x9 |
| 8:24 | CNZS_98T · wall_segment Palisade Wall x3 |
| 8:33 | DS_StonePleaseAoE · wall_segment Palisade Wall x1 |
| 8:34 | DS_StonePleaseAoE · wall_segment Palisade Wall x1 |
| 8:34 | DS_StonePleaseAoE · wall_segment Palisade Wall x1 |
| 8:35 | DS_StonePleaseAoE · wall_segment Palisade Wall x2 |
| 9:16 | DS_StonePleaseAoE · wall_segment Palisade Wall x3 |
| 9:45 | CNZS_98T · age_up feudal |
| 9:52 | CNZS_98T · first_building Barracks |
| 10:31 | DS_StonePleaseAoE · wall_segment Palisade Wall x1 |
| 10:32 | DS_StonePleaseAoE · wall_segment Palisade Wall x1 |
| 10:44 | CNZS_98T · first_building Archery Range |
| 11:00 | DS_StonePleaseAoE · age_up feudal |
| 11:02 | DS_StonePleaseAoE · first_building Archery Range |
| 13:49 | CNZS_98T · wall_segment Palisade Wall x1 |
| 15:00 | CNZS_98T · wall_segment Palisade Wall x1 |
| 16:50 | DS_StonePleaseAoE · first_market_buy 100 food |
| 16:50 | DS_StonePleaseAoE · first_market_sell 100 wood |
| 18:32 | DS_StonePleaseAoE · first_building Stable |
| 19:57 | CNZS_98T · first_market_sell 100 wood |
| 20:14 | DS_StonePleaseAoE · age_up castle |
| 21:29 | CNZS_98T · first_building Stable |
| 21:51 | CNZS_98T · wall_segment Stone Wall x1 |
| 22:06 | CNZS_98T · wall_segment Palisade Wall x1 |
| 22:36 | CNZS_98T · wall_segment Stone Wall x1 |
| 22:49 | CNZS_98T · wall_segment Stone Wall x5 |
| 22:53 | CNZS_98T · wall_segment Stone Wall x14 |
| 23:01 | CNZS_98T · age_up castle |
| 23:11 | CNZS_98T · first_market_buy 100 stone |
| 23:19 | CNZS_98T · first_building Castle |
| 23:30 | CNZS_98T · wall_segment Stone Wall x1 |
| 23:33 | CNZS_98T · wall_segment Stone Wall x1 |
| 24:12 | DS_StonePleaseAoE · wall_segment Stone Wall x1 |
| 24:13 | DS_StonePleaseAoE · wall_segment Stone Wall x1 |
| 24:16 | DS_StonePleaseAoE · wall_segment Stone Wall x1 |
| 24:18 | DS_StonePleaseAoE · wall_segment Stone Wall x1 |
| 25:06 | DS_StonePleaseAoE · wall_segment Stone Wall x3 |
| 25:06 | DS_StonePleaseAoE · wall_segment Stone Wall x3 |
| 28:24 | DS_StonePleaseAoE · first_building Siege Workshop |
| 30:30 | DS_StonePleaseAoE · first_building Castle |
| 33:23 | DS_StonePleaseAoE · wall_segment Stone Wall x1 |
| 33:47 | DS_StonePleaseAoE · wall_segment Palisade Wall x1 |
| 33:48 | DS_StonePleaseAoE · wall_segment Stone Wall x1 |
| 34:12 | DS_StonePleaseAoE · wall_segment Stone Wall x1 |
| 34:55 | DS_StonePleaseAoE · wall_segment Stone Wall x1 |
| 34:58 | DS_StonePleaseAoE · age_up imperial |
| 35:36 | DS_StonePleaseAoE · wall_segment Stone Wall x2 |
| 35:57 | DS_StonePleaseAoE · wall_segment Stone Wall x3 |
| 36:00 | DS_StonePleaseAoE · wall_segment Stone Wall x1 |
| 36:02 | DS_StonePleaseAoE · wall_segment Stone Wall x2 |
| 36:14 | CNZS_98T · age_up imperial |
| 40:48 | DS_StonePleaseAoE · wall_segment Stone Wall x12 |
| 40:54 | DS_StonePleaseAoE · wall_segment Stone Wall x4 |
| 40:55 | DS_StonePleaseAoE · wall_segment Stone Wall x3 |
| 41:10 | DS_StonePleaseAoE · wall_segment Stone Wall x1 |
| 41:48 | DS_StonePleaseAoE · wall_segment Stone Wall x1 |
| 41:49 | DS_StonePleaseAoE · wall_segment Stone Wall x1 |
| 41:50 | DS_StonePleaseAoE · wall_segment Stone Wall x1 |
| 41:51 | DS_StonePleaseAoE · wall_segment Stone Wall x1 |
| 42:50 | DS_StonePleaseAoE · wall_segment Stone Wall x2 |
| 42:51 | CNZS_98T · first_building Monastery |
| 44:50 | DS_StonePleaseAoE · resign |
[ AI ANALYSIS · 1 CREDIT ]
What really happened in this match?
Wolo.gg analyzes every decision: build order, eco, micro, common mistakes by bracket. Personalized analysis on WhatsApp or Discord in 30 seconds.
Civ guide
Malians
Perfil
Jugador #25365699